 Dungeon Crawl Stone Soup version 0.17.0-57-g0e89251 (webtiles) character file.

1908 timbw the Grappler (level 9, -15/43 HPs)
             Began as a Vine Stalker Fighter on Dec 9, 2015.
             Was a Follower of Qazlal.
             Demolished by a salamander (20 damage)
             ... in a volcano.
             The game lasted 00:06:59 (1303 turns).

timbw the Grappler (Vine Stalker Fighter)           Turns: 1303, Time: 00:06:59

Health: -15/43     AC:  6    Str: 24    XL:     9   Next: 16%
Magic:  0/10       EV:  7    Int:  8    God:    Qazlal [*.....]
Gold:   289        SH: 12    Dex: 17    Spells: 0 memorised, 8 levels left

rFire  + . .     SeeInvis .     g - +0 blowgun
rCold  . . .     Clarity  .     a - +0 scale mail
rNeg   . . .     SustAt   .     b - +1 shield
rPois  .         Gourm    .     (no helmet)
rElec  .         Spirit   +     (no cloak)
rCorr  .         Warding  .     (no gloves)
rMut   .         Stasis   .     (no boots)
MR     +....                    (no amulet)
Stlth  ..........               (no ring)
                                m - ring of protection from fire

@: mighty, somewhat resistant to hostile enchantments, extremely unstealthy
A: fangs 3, regeneration 2, magic shield, antimagic bite, no device heal 3, rot
immunity
a: Renounce Religion


You were in a volcano.
You worshipped Qazlal.
Qazlal was aware of your devotion.
You were hungry.

You visited 2 branches of the dungeon, and saw 11 of its levels.
You also visited: Volcano.

You collected 289 gold pieces.

Inventory:

Hand Weapons
 g - a +0 blowgun (weapon)
Missiles
 e - 8 curare-tipped needles
 q - 14 poisoned needles (quivered)
Armour
 a - a +0 scale mail (worn)
 b - a +1 shield (worn)
Rods
 v - a +0 rod of destruction (10/10)
   (You found it on level 7 of the Dungeon)
Jewellery
 m - a ring of protection from fire (left hand)
Wands
 i - a wand of polymorph (13)
 o - a wand of digging (11)
 t - a wand of slowing (19)
Scrolls
 l - 4 scrolls of remove curse {unknown}
 r - a scroll of fog
 s - a scroll of enchant armour
 u - 2 scrolls of identify
 x - a scroll of torment
Potions
 n - a potion of agility {unknown}
 p - a potion of curing {unknown}
Books
 h - a Necronomicon

   Spells                             Type                      Level
   a - Haunt                          Necromancy/Summoning         7
   b - Borgnjor's Revivification      Necromancy                   8
   c - Death's Door                   Charms/Necromancy            8
   d - Necromutation                  Transmutation/Necromancy     8
Comestibles
 d - 5 bread rations
 f - a beef jerky
 j - a royal jelly
 k - a meat ration


   Skills:
 - Level 2.6 Fighting
 - Level 2.4 Armour
 - Level 2.6 Shields
 + Level 11.6 Unarmed Combat


You had 8 spell levels left.
You didn't know any spells.

Dungeon Overview and Level Annotations

Branches:
Dungeon (10/15)               Orc (1/4) D:10
 Temple: D:4-7         Lair: D:8-11

Altars:
Qazlal

Shops:
D:6 :


Innate Abilities, Weirdness & Mutations

You have razor-sharp teeth.
You heal very quickly.
When hurt, damage is shared between your health and your magic reserves.
Your bite disrupts and absorbs the magic of your enemies.
Potions and wands cannot restore your health.
You are immune to rotting.


Message History

You barely miss the salamander.
The salamander is moderately wounded.
You block the salamander's attack.
Your shield and scale mail prevent you from hitting the salamander.
The salamander is moderately wounded.
Press: ? - help, v - describe, . - travel
Here: a salamander (moderately wounded, unusually strong)
The floor, spattered with blood.
Wield which item (- for none, * to show all)? (? for menu, Esc to quit)
g - a +0 blowgun (weapon)
You block the salamander's attack.
Firing (i - inventory. (,) - cycle):
q - 15 poisoned needles (quivered)
Press: ? - help, Shift-Dir - straight line, f - salamander
Aim: a salamander (moderately wounded, unusually strong)
You shoot a poisoned needle.
The poisoned needle hits the salamander!
The salamander is poisoned.
The salamander is moderately wounded.
The salamander hits you!!
You die...

#§≈≈ ≈§≈≈ §≈≈≈$ §≈≈$ §≈≈N
§N# ###### ##
#)##....##...
##N(......... ##
##@#.....≈≈≈≈≈ ##§
#.....§§§≈≈≈≈≈ #§§#
#....≈≈§≈≈≈≈≈≈ ##≈≈§##
##...§§§≈§§≈≈§ #≈§≈≈≈##
#....≈§§§≈≈≈≈≈
#≈≈..≈≈######...§§≈≈≈≈§§≈
#....∩∩.##.#.......≈≈§§≈§
##..........##...........
##.......######.....#.


You could see a salamander.

Vanquished Creatures
  A salamander (Volcano)
  A two-headed ogre (D:9)
  Sigmund (D:5)
  Menkaure (D:5)
  An ice beast (D:9)
  2 centaurs (D:7)
  A black bear (D:6)
  2 ogres
  Blork the orc (D:5)
  2 crimson imps
  2 orc priests
  4 iguanas
  4 orc wizards
  2 worker ants
  A hound skeleton (D:9)
  2 adders
  11 orcs
  A bat (D:2)
  2 giant cockroaches
  A hobgoblin (D:1)
  2 giant geckos
  5 kobolds
  7 rats
57 creatures vanquished.

Notes
Turn   | Place    | Note
--------------------------------------------------------------
     0 | D:1      | timbw the Vine Stalker Fighter began the quest for the Orb.
     0 | D:1      | Reached XP level 1. HP: 11/11 MP: 2/2
    56 | D:1      | Reached XP level 2. HP: 14/16 MP: 3/3
   206 | D:3      | Reached skill level 3 in Unarmed Combat
   273 | D:4      | Reached XP level 3. HP: 5/19 MP: 4/4
   285 | D:4      | Reached skill level 4 in Unarmed Combat
   285 | D:4      | Reached XP level 4. HP: 9/23 MP: 5/5
   303 | D:4      | Noticed an ogre
   310 | D:4      | Killed an ogre
   310 | D:4      | Reached skill level 5 in Unarmed Combat
   310 | D:4      | Reached XP level 5. HP: 18/27 MP: 6/6
   351 | D:5      | Entered Level 5 of the Dungeon
   351 | D:5      | Noticed Sigmund
   360 | D:5      | Killed Sigmund
   360 | D:5      | Reached skill level 6 in Unarmed Combat
   360 | D:5      | Gained mutation: You heal very quickly. [Vine Stalker growth]
   360 | D:5      | Reached XP level 6. HP: 32/32 MP: 7/7
   375 | D:5      | Noticed Blork the orc
   387 | D:5      | Killed Blork the orc
   405 | D:5      | Noticed Menkaure
   407 | D:5      | Found a stormy altar of Qazlal.
   414 | D:5      | Killed Menkaure
   414 | D:5      | Reached skill level 7 in Unarmed Combat
   414 | D:5      | Reached XP level 7. HP: 24/35 MP: 4/8
   469 | D:5      | Became a worshipper of Qazlal Stormbringer
   569 | D:6      | Reached skill level 8 in Unarmed Combat
   659 | D:6      | Found Legaqitrep's Book Shoppe.
   784 | D:7      | Reached skill level 9 in Unarmed Combat
   784 | D:7      | Gained mutation: You have razor-sharp teeth. [Vine Stalker growth]
   784 | D:7      | Reached XP level 8. HP: 25/39 MP: 6/9
  1018 | D:9      | Noticed a two-headed ogre
  1024 | D:9      | Killed a two-headed ogre
  1024 | D:9      | Reached skill level 10 in Unarmed Combat
  1053 | D:10     | Entered Level 10 of the Dungeon
  1138 | D:10     | Found a staircase to the Orcish Mines.
  1146 | Orc:1    | Entered Level 1 of the Orcish Mines
  1267 | Orc:1    | Found a dark tunnel.
  1273 | Volcano  | Entered a volcano
  1285 | Volcano  | Noticed a salamander
  1289 | Volcano  | Noticed a salamander
  1295 | Volcano  | Killed a salamander
  1295 | Volcano  | Reached * piety under Qazlal
  1295 | Volcano  | Reached skill level 11 in Unarmed Combat
  1295 | Volcano  | Reached XP level 9. HP: 23/43 MP: 7/10
  1296 | Volcano  | Noticed a salamander
  1303 | Volcano  | Demolished by a salamander

Action                   |  1- 3 |  4- 6 |  7- 9 || total
-------------------------+-------+-------+-------++-------
Melee: Unarmed           |    61 |    11 |   136 ||   208
 Fire: Blowgun           |     2 |     9 |     6 ||    17
Evoke: Wand              |       |       |     3 ||     3
  Use: Scroll            |       |       |     8 ||     8
       Potion            |       |       |     1 ||     1
  Eat: Chunk             |       |       |     1 ||     1
